Map: 2000 Atmospheres LE

Players

Armani

  • Race: Zerg Zerg

LiquidClem (Clem) - Winner!

  • Race: Terran Terran
  • League: Bronze

Event: TSL 7

VOD

Have the link to the VOD?

Description

Time

  • Played on: June 20, 2021, 8:14 a.m.
  • Length: 7:01

All games in this series

Show
View Real Time Build Order
Export as new Build Order

Armani Zerg 

Build Orders: Hatch First 

Get SALT Encoding   

  12  0:02  Drone  
  13  0:12  Overlord  
  13  0:17  Drone  
  14  0:31  Drone  
  14  0:32  Drone  
  16  0:49  Hatchery  
  15  0:52  Drone  
  15  0:56  Drone  
  17  0:59  Drone  
  18  1:08  Extractor  
  17  1:13  Spawning Pool  
  17  1:17  Drone  
  17  1:22  Drone  
  18  1:29  Drone  
  19  1:39  Drone  
  20  1:51  Drone  
  21  2:01  Queen x2  
  21  2:02  Zergling x4  
  27  2:14  Hatchery  
  26  2:19  Overlord  
  26  2:24  Drone  
  26  2:27  Metabolic Boost  
  27  2:30  Drone  
  27  2:40  Queen  
  27  2:42  Drone  
  31  2:44  Drone  
  31  2:48  Drone  
  32  2:51  Overlord  
  32  2:55  Drone  
  32  2:57  Drone  
  34  3:02  Drone  
  35  3:10  Drone x2  
  35  3:11  Drone x3  
  40  3:16  Overlord  
  40  3:21  Queen  
  40  3:24  Drone  
  40  3:26  Drone  
  44  3:29  Queen  
  44  3:32  Drone  
  47  3:35  Overlord  
  47  3:37  Drone  
  47  3:38  Drone  
  47  3:41  Drone  
  50  3:47  Zergling x6  
  53  3:48  Drone  
  53  3:57  Roach Warren, Lair  
  53  3:59  Drone  
  53  4:05  Zergling x6  
  53  4:09  Drone  
  57  4:10  Extractor  
  57  4:11  Overlord  
  57  4:14  Drone  
  57  4:15  Drone  
  57  4:16  Drone  
  59  4:17  Overlord  
  59  4:18  Extractor  
  57  4:25  Overlord  
  57  4:31  Drone x4  
  61  4:39  Pneumatized Carapace  
  61  4:40  Queen  
  63  4:49  Spore Crawler  
  62  4:54  Roach x6  
  74  5:00  Roach  
  74  5:04  Spore Crawler  
  75  5:09  Zergling x12  
  81  5:22  Overlord x4  
  81  5:36  Overlord  
  81  5:41  Ravager x3  
  81  5:42  Ravager  
  85  5:43  Zergling x20  
  85  5:47  Ravager  
  85  5:49  Zergling x6  
  100  5:50  Zergling x2  
  100  5:56  Ravager  
  101  6:00  Zergling x6  
  101  6:01  Zergling x4  
  106  6:05  Ravager  
  107  6:12  Overseer  
  98  6:21  Zergling x12  
  98  6:22  Zergling x2  
  81  6:31  Zergling x16  
  83  6:36  Drone  
  83  6:37  Drone  
  83  6:38  Drone  
  83  6:39  Drone  
  76  6:42  Drone  
Show
View Real Time Build Order
Export as new Build Order

LiquidClem Terran - Winner!

Build Orders: Reaper Expand, Hellion Banshee 

Get SALT Encoding   

  12  0:00  SCV  
  13  0:14  SCV  
  13  0:16  Supply Depot  
  14  0:26  SCV  
  15  0:38  SCV  
  15  0:39  Barracks  
  16  0:45  Refinery  
  16  0:51  SCV  
  17  1:03  SCV  
  18  1:15  SCV  
  19  1:28  Orbital Command, Reaper  
  20  1:39  Command Center  
  20  1:47  Supply Depot  
  20  1:53  SCV  
  21  2:00  Marine  
  22  2:05  SCV  
  23  2:10  Factory  
  23  2:17  SCV  
  24  2:22  Barracks Reactor  
  25  2:30  SCV  
  25  2:38  Command Center  
  25  2:42  SCV  
  26  2:51  Orbital Command  
  26  2:54  SCV  
  27  3:00  Starport  
  27  3:05  Refinery  
  27  3:06  SCV  
  27  3:12  Hellion  
  30  3:14  Hellion  
  30  3:17  SCV  
  30  3:19  SCV  
  34  3:21  Barracks Tech Lab  
  34  3:29  SCV  
  34  3:31  SCV  
  38  3:34  Hellion  
  38  3:35  Hellion  
  41  3:41  SCV  
  41  3:43  SCV  
  41  3:45  Banshee  
  45  3:51  Orbital Command  
  45  3:54  SCV  
  46  3:59  Hellion  
  46  4:00  Hellion, Supply Depot  
  50  4:03  SCV  
  50  4:04  Barracks Tech Lab  
  50  4:05  Cloaking Field  
  50  4:07  SCV  
  52  4:15  SCV  
  53  4:19  SCV  
  53  4:20  SCV  
  53  4:22  Hellion x2  
  59  4:28  Supply Depot  
  59  4:29  Banshee  
  62  4:33  SCV x2  
  62  4:34  SCV  
  62  4:38  Marine  
  65  4:40  Supply Depot  
  65  4:43  Stimpack  
  66  4:46  Barracks  
  66  4:50  SCV  
  66  4:51  SCV, Barracks  
  68  4:54  SCV, Factory Reactor  
  68  4:56  Refinery  
  69  5:00  Marine  
  69  5:02  SCV, Supply Depot  
  69  5:03  SCV  
  72  5:12  Bunker  
  72  5:14  SCV x2  
  72  5:17  Banshee, Bunker  
  72  5:18  Marine  
  72  5:20  Factory Tech Lab  
  75  5:25  Supply Depot  
  75  5:26  Bunker  
  75  5:33  SCV x2  
  75  5:34  Marine  
  79  5:36  Refinery, Marine  
  79  5:38  Barracks, Marine  
  79  5:39  Marine  
  79  5:40  Barracks, Siege Tank  
  84  5:44  Orbital Command  
  84  5:49  Supply Depot  
  84  5:51  SCV x2  
  84  5:53  Supply Depot  
  84  5:54  Marine  
  88  5:57  Barracks Reactor  
  85  6:06  Supply Depot  
  85  6:07  Supply Depot  
  85  6:08  Marine, Supply Depot  
  85  6:09  Starport Reactor, Marine  
  85  6:19  Marine  
  85  6:25  SCV  
  79  6:28  Siege Tank  
  79  6:29  Marine x2  
  73  6:33  Supply Depot  
  73  6:34  Marine x2  
  73  6:35  SCV, Marine  
  73  6:37  Marine  
  73  6:38  Marine  
  73  6:39  SCV  
  69  6:41  SCV  
Tags
 
Add a new tag
Caveats
  • Supply blocks, unpowered buildings, or Contaminate may cause inaccurate times.
  • Supply counts are checked every 10 seconds.